 Dungeon Crawl Stone Soup version 0.29-a0-284-gf9362112df (webtiles) character file.

Game seed: 13737508244515040368

81 pokeman the Magician (level 4, -4/25 HPs)
             Began as a Deep Elf Hedge Wizard on Mar 27, 2022.
             Slain by an orc
             ... wielding a +0 mace
              (5 damage)
             ... on level 3 of the Dungeon.
             The game lasted 00:04:10 (2512 turns).

pokeman the Magician (Deep Elf Hedge Wizard)        Turns: 2512, Time: 00:04:11

Health: -4/25      AC:  3    Str:  7    XL:     4   Next: 19%
Magic:  5/13       EV: 12    Int: 21    God:
Gold:   163        SH:  0    Dex: 14    Spells: 3/14 levels left

rFire   . . .      SeeInvis .   f - +3 dagger
rCold   . . .      Faith    .   (no shield)
rNeg    . . .      Spirit   .   i - +0 leather armour
rPois   .          Reflect  .   c - +0 hat
rElec   .          Harm     .   (no cloak)
rCorr   .          Rampage  .   (no gloves)
Will    .....                   (no boots)
Stlth   ++........              (no amulet)
HPRegen 0.08/turn               (no ring)
MPRegen 0.13/turn               (no ring)

@: on blink cooldown, very slightly contaminated
A: no striking features
a: no special abilities


You were on level 3 of the Dungeon.
You visited 1 branch of the dungeon, and saw 3 of its levels.

You collected 163 gold pieces.

Inventory:

Hand Weapons
 f - a +3 dagger (weapon)
Armour
 c - a +0 hat (worn)
 i - a +0 leather armour (worn)
Scrolls
 h - a scroll of brand weapon {unknown}
 j - 3 scrolls of teleportation {unknown}
 l - a scroll of fog {unknown}
 m - 2 scrolls of identify {unknown}
 n - a scroll of amnesia {unknown}
Potions
 a - 2 potions of heal wounds {unknown}
 b - 4 potions of curing {unknown}
 d - a potion of magic
 e - a potion of ambrosia {unknown}
 g - a potion of berserk rage {unknown}
 k - a potion of resistance {unknown}


   Skills:
 - Level 1.0 Fighting
 - Level 1.0 Armour
 + Level 2.7 Dodging
 - Level 2.4 Stealth
 * Level 5.6 Spellcasting
 + Level 2.1 Conjurations
 - Level 1.1 Summonings
 - Level 1.1 Translocations
 + Level 0.5 Fire Magic


You had 3 spell levels left.
You knew the following spells:

 Your Spells              Type           Power      Damage    Failure   Level
a - Magic Dart            Conj           56%        1d5       6%          1
b - Mephitic Cloud        Conj/Pois/Air  8%         N/A       32%         3
c - Call Imp              Summ           10%        N/A       14%         2
d - Blink                 Tloc           20%        N/A       14%         2
e - Conjure Flame         Conj/Fire      11%        6-21      26%         3

Your spell library contained the following spells:

 Spells                   Type           Power      Damage    Failure   Level
 Beastly Appendage        Tmut           10%        N/A       16%         1
 Slow                     Hex            20%        N/A       16%         1
 Wereblood                Tmut           5%         N/A       22%         2
 Spider Form              Tmut/Pois      5%         N/A       41%         3


Dungeon Overview and Level Annotations

Branches:
Dungeon (3/15)

Altars:

Shops:
D:3 (

Annotations:
D:3 Natasha, Terence


Message History

An orc comes into view. It is wielding a +0 club.
Natasha is engulfed in noxious fumes.
Unknown command.
Casting: Mephitic Cloud (extremely dangerous; 32% risk of failure)
Confirm with . or Enter, or press ? or * to list all spells.
The spell is extremely dangerous to miscast (26% risk of failure)!
Continue anyway?
You miscast Conjure Flame.
You are very lightly contaminated with residual magic.
Sparks fly from your hands!
The orc wizard shouts!
The orc wizard points at you and mumbles some strange words.
You are confused.
Natasha stares at you and mumbles some strange words.
You resist with some effort.
The orc throws a boomerang.
The boomerang completely misses you.
You hit Natasha. You punch Natasha.
Natasha is severely wounded.
Natasha claws you.
An orc comes into view. It is wielding a +0 dagger.
The orc throws a boomerang.
The boomerang misses you.
An orc comes into view. It is wielding a +2 dagger of pain.
You bump into the rock wall.
The orc shouts!
Natasha claws you!
* * * LOW HITPOINT WARNING * * *
You bump into the rock wall.
Natasha claws you but does no damage.
You bump into the rock wall.
You feel less confused.
Natasha wildly gestures.
Natasha glows brightly for a moment.
Natasha claws you.
* * * LOW HITPOINT WARNING * * *
An orc comes into view. It is wielding a +0 mace.
Casting: Conjure Flame (extremely dangerous; 26% risk of failure)
Confirm with . or Enter, or press ? or * to list all spells.
You blink.
The orc hits you with a +0 dagger.
* * * LOW HITPOINT WARNING * * *
Unknown command.
The orc hits you with a +0 mace.
You die...

###.### #......#
##########.#
###.##.#
.......<...# #.#
# ##########.#
#.# ####.####
#.# #..h....#
#.# #o.o....#
#.#
######oo.....#
.#
#....@.........
#.#.##o.....(...
# ...........#
###########.#


You could see an orc wizard, Natasha and 4 orcs.

Vanquished Creatures
  An iguana (D:3)
  2 adders (D:2)
  5 ball pythons
  An endoplasm (D:1)
  3 giant cockroaches
  4 goblins
  5 hobgoblins
  3 quokkas (D:2)
  A bat (D:2)
  3 kobolds (D:1)
  5 rats
33 creatures vanquished.

Notes
Turn   | Place    | Note
-------+----------+-------------------------------------------
     0 | D:1      | pokeman the Deep Elf Hedge Wizard began the quest for the
                  | Orb.
     0 | D:1      | Reached XP level 1. HP: 10/10 MP: 7/7
   451 | D:1      | Reached XP level 2. HP: 16/16 MP: 2/9
   861 | D:2      | Found a faded altar of an unknown god.
  1347 | D:2      | Reached skill level 5 in Spellcasting
  1347 | D:2      | Reached XP level 3. HP: 20/20 MP: 6/11
  1351 | D:2      | Learned a level 3 spell: Mephitic Cloud
  1354 | D:2      | Learned a level 2 spell: Call Imp
  1357 | D:2      | Learned a level 2 spell: Blink
  1361 | D:2      | Learned a level 3 spell: Conjure Flame
  1715 | D:2      | Reached skill level 1 in Fighting
  1904 | D:3      | Found Ikko's Weapon Emporium.
  2068 | D:3      | Reached skill level 1 in Armour
  2252 | D:3      | Reached XP level 4. HP: 15/25 MP: 3/13
  2394 | D:3      | Noticed Terence
  2501 | D:3      | Noticed Natasha
  2511 | D:3      | HP: 1/25 [orc/+0 dagger (1)]
  2512 | D:3      | Slain by an orc

Illustrated notes

Levels and vault maps discovered:
D:1:      dpeg_arrival_connections, layout_basic, grunt_decor_mini_mirrors
D:2:      layout_basic, basic_ecumenical_altar
D:3:      layout_loops_ring, serial_shops, shop, lightli_corner_chamber,
          uniq_crazy_yiuf_cottage, uniq_natasha, uniq_terence

Skill      XL: |  1  2  3 |
---------------+----------+-----
Spellcasting   | 5 |  5.6
Fighting       | 1 |  1.0
Armour         | 1 |  1.0
Conjurations   | 2 |  2.1
Dodging        | |  2.7
Stealth        | |  2.4
Summonings     | |  1.1
Translocations | |  1.1
Fire Magic     | |  0.5

Action                   |  1- 3 |  4- 6 || total
-------------------------+-------+-------++-------
Melee: Dagger            |     5 |     1 ||     6
       Mace              |     1 |       ||     1
       Punch             |       |     1 ||     1
 Cast: Magic Dart        |    89 |     1 ||    90
       Conjure Flame     |     1 |     1 ||     2
       Mephitic Cloud    |     1 |     1 ||     2
       Blink             |       |     2 ||     2
       Call Imp          |       |     1 ||     1
 Stab: Sleeping          |     2 |       ||     2
Armor: Leather armour    |     1 |     1 ||     2
Dodge: Dodged            |    13 |     3 ||    16

Table legend: (Time is in decaauts)
 A = Elapsed time spent in this place.
 B = Non-inter-level travel time spent in this place.
 C = Inter-level travel time spent in this place.
 D = Time resting spent in this place.
 E = Time spent auto-exploring this place.
 F = Levels seen in this place.
 G = Mean time per level.
                   A        B        C        D        E       F      G
               +--------+--------+--------+--------+--------+-----+--------+
         Total |   2511 |   2470 |     41 |      0 |   2183 |   3 |  837.0 |
       Dungeon |   2511 |   2470 |     41 |      0 |   2183 |   3 |  837.0 |
               +--------+--------+--------+--------+--------+-----+--------+

Top non-repeatable levels by time:
     D:2: 1063 daAuts
     D:1: 851 daAuts
     D:3: 597 daAuts
